Map: Oxide LE

Players

Joetunn - Winner!

  • Race: Protoss Protoss
  • League: Diamond

Mels

  • Race: Zerg Zerg
  • League: Master

VOD

Have the link to the VOD?

Description

Time

  • Played on: Aug. 5, 2021, 12:54 p.m.
  • Length: 6:15
Show
View Real Time Build Order
Export as new Build Order

Joetunn Protoss - Winner!

Build Orders: 1 Gate Expand 

Get SALT Encoding   

  12  0:00  Probe  
  13  0:12  Probe  
  14  0:19  Pylon  
  14  0:24  Probe  
  15  0:37  Probe (Chrono Boost)  
  15  0:40  Gateway  
  16  0:48  Probe (Chrono Boost)  
  16  0:49  Assimilator  
  17  0:53  Probe (Chrono Boost)  
  18  1:03  Probe  
  19  1:15  Probe  
  20  1:26  Nexus  
  20  1:36  Cybernetics Core  
  20  1:43  Assimilator  
  20  1:45  Probe  
  21  1:52  Pylon  
  21  1:57  Probe  
  22  2:09  Probe  
  22  2:11  Stalker (Chrono Boost)  
  22  2:15  Warp Gate  
  25  2:21  Probe  
  26  2:30  Twilight Council  
  26  2:33  Probe  
  26  2:36  Adept  
  29  2:40  Probe  
  30  2:45  Probe  
  31  2:53  Probe  
  32  2:58  Probe  
  32  3:01  Robotics Facility  
  32  3:04  Gateway  
  32  3:10  Resonating Glaives (Chrono Boost)  
  32  3:12  Adept  
  34  3:13  Probe  
  35  3:21  Probe  
  35  3:25  Probe  
  37  3:33  Probe  
  37  3:34  Pylon  
  38  3:37  Probe  
  38  3:40  Gateway  
  39  3:45  Gateway  
  39  3:52  Warp Prism (Chrono Boost)  
  41  3:58  Probe  
  42  4:10  Probe, Gateway  
  42  4:11  Assimilator  
  42  4:13  Adept  
  42  4:16  Adept  
  47  4:25  Pylon  
  47  4:29  Pylon  
  47  4:36  Observer  
  48  4:39  Probe  
  48  4:42  Probe  
  48  4:43  Pylon  
  50  4:46  Adept x4  
  58  4:54  Probe  
  59  5:09  Adept x2  
  59  5:10  Adept x3  
  67  5:34  Adept x5  
  77  5:39  Robotics Bay  
  77  5:41  Pylon  
  77  5:44  Pylon  
  67  6:06  Adept x5  
Show
View Real Time Build Order
Export as new Build Order

Mels Zerg 

Build Orders: Hatch First 

Get SALT Encoding   

  12  0:00  Drone  
  13  0:08  Drone  
  14  0:15  Extractor  
  14  0:16  Drone  
  15  0:38  Hatchery  
  14  0:46  Extractor  
  14  0:48  Drone  
  14  0:58  Spawning Pool  
  14  1:03  Drone  
  14  1:10  Overlord  
  14  1:28  Drone x3  
  17  1:50  Metabolic Boost  
  17  1:51  Queen  
  19  1:57  Queen  
  22  2:01  Drone  
  22  2:04  Drone  
  23  2:11  Zergling x4  
  23  2:12  Zergling x2  
  26  2:18  Overlord  
  26  2:22  Drone  
  27  2:24  Drone  
  28  2:43  Overlord  
  28  2:51  Drone x2  
  30  2:59  Hatchery  
  29  3:13  Queen  
  29  3:14  Drone x3  
  29  3:15  Drone x4  
  29  3:17  Drone  
  39  3:35  Drone x2, Extractor  
  39  3:36  Overlord  
  39  3:40  Drone x2  
  42  3:56  Drone x3  
  42  3:57  Drone  
  46  4:22  Queen  
  48  4:25  Extractor  
  48  4:26  Extractor  
  48  4:28  Drone x4  
  48  4:29  Spine Crawler  
  48  4:30  Spine Crawler  
  48  4:31  Overlord  
  48  4:32  Overlord  
  48  4:36  Lair  
  48  4:38  Drone x2  
  48  4:40  Evolution Chamber  
  48  4:41  Evolution Chamber  
  48  4:45  Drone  
  48  4:46  Drone  
  50  4:54  Extractor  
  50  4:55  Drone x3  
  48  5:18  Zergling x28  
  27  5:50  Zergling x2  
  27  5:51  Zergling x12  
Tags
 
Add a new tag
Caveats
  • Supply blocks, unpowered buildings, or Contaminate may cause inaccurate times.
  • Supply counts are checked every 10 seconds.